 Dungeon Crawl Stone Soup version 0.18-a0-1220-g2dc6208 (webtiles) character file.

719914 Strylgvaidir the Axe Maniac (level 27, -11/273 HPs)
             Began as a Minotaur Fighter on Feb 3, 2016.
             Was the Champion of Okawaru.
             Killed from afar by an orb of fire (23 damage)
             ... with a bolt of fire
             ... on level 5 of the Realm of Zot.
             The game lasted 05:39:55 (87113 turns).

Strylgvaidir the Axe Maniac (Minotaur Fighter)     Turns: 87113, Time: 05:39:59

Health: -11/273    AC: 39    Str: 32    XL:     27
Magic:  26/26      EV: 33    Int:  9    God:    Okawaru [******]
Gold:   4626       SH: 30    Dex: 16    Spells: 2 memorised, 10 levels left

rFire  + . .     SeeInvis .     m - +9 broad axe (drain)
rCold  . . .     Gourm    .     o - +7 crystal plate armour
rNeg   . . .     Faith    .     G - +3 shield of Gajewes {rPois rF+}
rPois  +         Spirit   .     Q - +0 hat {MR+}
rElec  +         Dismiss  .     S - +1 cloak "Wiedol" {rPois Regen+ rCorr Str+4}
rCorr  +         Reflect  +     U - +0 pair of gloves of Tacifan {*Corrode rElec Dex+3 Slay+2}
SustAt .         Harm     .     Z - +2 pair of boots "Eheufuu" {MR++ Int+3}
MR     +++++     Rnd*Tele +     H - brooch of Shielding {Reflect SH+8}
Stlth  ..........               z - +6 ring of evasion
                                w - +5 ring of evasion

@: very slightly contaminated, studying Necromancy, almost entirely resistant to
hostile enchantments, extremely unstealthy
A: retaliatory headbutt, horns 2, deformed body, teleportitis 1, weak 1
a: Heroism, Finesse, Renounce Religion
}: 3/15 runes: serpentine, barnacled, silver


You were on level 5 of the Realm of Zot.
You worshipped Okawaru.
Okawaru was exalted by your worship.
You were near starving.

You visited 11 branches of the dungeon, and saw 55 of its levels.
You visited 1 bazaar.
You visited 1 ziggurat, and saw 15 of its levels.
You also visited: Labyrinth and Wizlab.

You collected 9215 gold pieces.
You spent 4589 gold pieces at shops.

Inventory:

Hand Weapons
 m - a +9 broad axe of draining (weapon)
 s - a +1 vampiric broad axe
Missiles
 h - 31 javelins of penetration (quivered)
Armour
 b - the +3 pair of boots "Kagelaco" {Int+3 Dex+4 Stlth+, unknown}
   (Okawaru gifted it to you on level 5 of the Realm of Zot)

   It affects your intelligence (+3).
   It affects your dexterity (+4).
   It makes you more stealthy.
 o - a +7 crystal plate armour (worn)
 G - the +3 shield of Gajewes (worn) {rPois rF+}
   (Okawaru gifted it to you on level 8 of a ziggurat)

   It protects you from fire.
   It protects you from poison.
 Q - a +0 hat of magic resistance (worn)
 S - the +1 cloak "Wiedol" (worn) {rPois Regen+ rCorr Str+4}
   (You found it in a wizard's laboratory)

   It affects your strength (+4).
   It protects you from poison.
   It increases your rate of regeneration.
   It protects you from acid and corrosion.
 U - the +0 pair of gloves of Tacifan (worn) {*Corrode rElec Dex+3 Slay+2}
   (You bought it in a shop on level 14 of the Dungeon)

   It affects your dexterity (+3).
   It affects your accuracy and damage with ranged weapons and melee attacks
   (+2).
   It insulates you from electricity.
   It may corrode your equipment when you take damage.
 Z - the +2 pair of boots "Eheufuu" (worn) {MR++ Int+3}
   (You found it on level 3 of the Elven Halls)

   It affects your intelligence (+3).
   It affects your resistance to hostile enchantments.
Jewellery
 w - a +5 ring of evasion (left hand)
 z - a +6 ring of evasion (right hand)
 H - the brooch of Shielding (around neck) {Reflect SH+8}
   (You found it on level 13 of the Dungeon)

   [amulet of reflection]

   It shields you and reflects attacks.
   It affects your SH (+8).
Wands
 a - a wand of digging (5/24)
 q - a wand of disintegration (2/24)
 A - a wand of hasting (1/9)
Scrolls
 d - 2 scrolls of silence
 e - 36 scrolls of remove curse
 k - 16 scrolls of teleportation
 n - 4 scrolls of summoning
 p - 10 scrolls of fear
 v - 2 scrolls of amnesia
 x - 9 scrolls of immolation
 C - a scroll of blinking
 D - 10 scrolls of identify
 K - 12 scrolls of fog
 N - 3 scrolls of holy word
 P - 5 scrolls of recharging
 W - 10 scrolls of magic mapping
Potions
 c - a potion of invisibility
 i - 3 potions of flight
 l - 32 potions of curing
 u - 2 potions of haste
 I - a potion of might
 O - 3 potions of cancellation
 T - 5 potions of cure mutation
 X - 2 potions of heal wounds
Books
 L - a manual of Necromancy
Miscellaneous
 J - a fan of gales
 V - a stone of tremors
Comestibles
 f - 30 bread rations
 g - 32 meat rations
 B - 7 royal jellies


   Skills:
 O Level 27 Fighting
 O Level 27 Axes
 + Level 25.2 Armour
 + Level 24.8 Dodging
 - Level 17.6 Stealth
 + Level 25.4 Shields
   Level 10.5 Fire Magic
 - Level 4.0 Invocations
 - Level 6.2 Evocations


You had 10 spell levels left.
You knew the following spells:

 Your Spells              Type           Power        Failure   Level  Hunger
a - Necromutation         Trmt/Necr      #.........   100%        8    #######
b - Controlled Blink      Tloc           N/A          100%        8    #######


Dungeon Overview and Level Annotations

Branches:
Dungeon (15/15)            Temple (1/1) D:6            Lair (8/8) D:10
 Shoals (4/4) Lair:3        Snake (4/4) Lair:4        Slime (0/6) Lair:6
    Orc (2/2) D:11            Elf (3/3) Orc:2        Vaults (5/5) D:14
  Crypt (3/3) Vaults:3       Tomb (0/3) Crypt:3      Depths (5/5) D:15
    Zot (5/5) Depths:5

Altars:
Ashenzari
Cheibriados
Dithmenos
Elyvilon
Fedhas
Gozag
Kikubaaqudgha
Makhleb
Nemelex Xobeh
Okawaru
Pakellas
Qazlal
Ru
Sif Muna
Trog
Vehumet
Xom
Yredelemnul
Zin
The Shining One
Jiyva

Shops:
D:4 }   D:5 :   D:10 %   D:14 *   Orc:1 [   Orc:2 (([[   Elf:3 ?   Vaults:3 [
Vaults:5 ?!%!!%!   Depths:5 !*

Portals:
Hell: Depths:1 Depths:2 Depths:3 Depths:4 Depths:5
Abyss: Depths:4
Pandemonium: Depths:3 Depths:5


Innate Abilities, Weirdness & Mutations

You reflexively headbutt those who attack you in melee.
You have a pair of horns on your head.
Armour fits poorly on your strangely shaped body.
You are occasionally teleported next to monsters.
You are weak. (Str -2)


Message History

The orb of fire emits a lurid red light.
The fireball explodes!
The fireball engulfs you! You resist.
* * * LOW HITPOINT WARNING * * *
The black draconian breathes lightning at you.
The bolt of lightning misses you. The bolt of lightning hits you! You resist.
* * * LOW HITPOINT WARNING * * *
The bolt of lightning hits the black draconian.
The black draconian completely resists.
The bolt of lightning hits the black draconian.
The black draconian completely resists.
The black draconian completely misses you.
Drink which item? (? for menu, Esc to quit)
You feel much better.
The orb of fire glows bright magenta.
The bolt of fire hits you! You resist.
* * * LOW HITPOINT WARNING * * *
You block the black draconian's attack.
The orb of fire glows deep purple.
The bolt of fire hits you! You resist.
You die...

............(.,,,,,,*
#.............,,,,,**
##............,,,,**
##...........,,,**
▓▓################▓▓▓▓▓▓***
.......#................,,*
.......##..####..######.,,*
##'##'####'####..##########
#..........*....@<........#
#.............d.......[...#
#'###..#####'##....######'##
....#..##....##....#.......#
....#..##....#######.......#
....#...#....#.............#
....#...#....#.............#
....#...#....#.......#######
....#,,,#....#.....#'#


You could see an orb of fire and a black draconian.

Vanquished Creatures
  2 ancient liches
  Mennas (Depths:5)
  5 orbs of fire
  A juggernaut (Depths:4)
  A greater mummy (Depths:3)
  Boris (Crypt:3)
  5 pandemonium lords
  Vashnia (Snake:3)
  Frederick (Vaults:4)
  Sojobo (Depths:5)
  Margery (Crypt:1)
  6 Killer Klowns
  Saint Roka (Depths:5)
  A caustic shrike (Depths:4)
  8 golden dragons
  Nikola (Elf:1)
  2 bone dragons
  the Enchantress (Depths:5)
  2 profane servitors
  3 pearl dragons (Zig:15)
  An electric golem (Zot:5)
  Jorgrun (Snake:2)
  5 liches
  The ghost of Leszczynek the Warrior, an adept OpMo of Gozag (Vaults:2)
  17 tentacled monstrosities
  Rupert (Snake:1)
  9 Orb Guardians (Zot:5)
  8 titans
  3 deep elf blademasters
  2 eldritch tentacles
  Asterion (Snake:1)
  Frances (Vaults:4)
  3 deep elf master archers
  An acid blob (Depths:2)
  2 krakens
  A quicksilver dragon (Vaults:5)
  A sphinx (shapeshifter) (Zig:11)
  10 death cobs
  4 tentacled starspawn
  3 sphinxes
  9 storm dragons
  4 ancient champions
  7 shadow dragons
  Ilsuiw (Shoals:4)
  Donald (Snake:4)
  4 revenants
  14 greater nagas
  8 fire giants
  7 tengu reavers
  Wiglaf (Vaults:4)
  Maud (D:13)
  2 orc warlords
  9 deep elf sorcerers (Elf:3)
  11 frost giants
  3 ghost moths
  A balrug (Depths:5)
  17 vault wardens
  6 draconian monks
  5 draconian knights
  8 draconian scorchers
  Aizul (Snake:1)
  6 draconian shifters
  Louise (Elf:1)
  A caustic shrike zombie (Depths:3)
  6 iron dragons
  4 draconian annihilators
  A reaper (Zig:12)
  6 spriggan defenders
  2 curse skulls
  8 very ugly things
  2 angels (Zig:15)
  9 ghouls
  4 war gargoyles (Crypt:3)
  23 ironheart preservers
  5 deep elf elementalists
  3 ophanim (Zig:15)
  28 stone giants
  2 salamander stormcallers
  5 draconian callers
  12 deep elf demonologists
  12 deep elf annihilators
  11 vampire knights
  13 black draconians
  7 green draconians
  12 mottled draconians
  7 spark wasps
  8 white draconians
  12 purple draconians
  2 apis (Zig:15)
  14 yellow draconians
  A dire elephant (D:15)
  6 eidola
  9 ettins
  16 red draconians
  7 deep elf death magi
  Josephine (Lair:7)
  7 merfolk javelineers
  15 jiangshi
  A minotaur (Lab)
  Snorg (Lair:4)
  28 vault guards
  4 death oozes (Depths:2)
  4 deep elf high priests
  3 crystal guardians (Crypt:3)
  10 merfolk impalers
  16 fire dragons
  12 naga warriors
  15 yaktaur captains
  3 entropy weavers
  2 rakshasas
  16 great orbs of eyes
  6 merfolk avatars
  8 hydras
  A monstrous demonspawn (Depths:5)
  25 ice dragons
  12 centaur warriors
  An ice dragon (shapeshifter) (Zig:10)
  2 catoblepae (Depths:3)
  6 spriggan air magi
  An alligator snapping turtle (Shoals:4)
  2 satyrs
  30 dancing weapons
  3 merfolk aquamancers
  4 death yaks
  22 anacondas
  2 death knights
  A satyr (shapeshifter) (Vaults:5)
  13 deep troll earth magi
  5 vampire magi
  7 ogre magi
  9 deep troll shamans
  2 spriggan berserkers
  5 tengu warriors
  2 thrashing horrors (Zig:14)
  12 naga sharpshooters
  15 shock serpents
  A titan zombie (Depths:3)
  A storm dragon zombie (Depths:3)
  An orc high priest (Orc:2)
  A fire crab (shapeshifter) (Depths:2)
  2 sun demons (Zig:14)
  3 soul eaters
  6 salamander mystics
  13 deep elf knights
  2 titan skeletons
  5 wretched stars
  2 fire crabs
  7 shadow wraiths
  A storm dragon skeleton (Vaults:3)
  3 golden dragon zombies
  45 skeletal warriors
  2 spatial maelstroms (Zig:14)
  A death scarab (Zig:2)
  13 hell knights
  3 iron trolls (Depths:2)
  10 sea snakes
  4 unseen horrors
  45 deep trolls
  An iron troll (shapeshifter) (Zig:10)
  A shadow demon (Zig:10)
  19 flayed ghosts
  2 anubis guards (shapeshifter) (Zig:9)
  2 orange crystal statues
  10 deep elf archers
  A wolf spider zombie (Crypt:3)
  6 naga ritualists
  11 phantasmal warriors
  8 hill giants
  3 tengu zombies
  Pikel (D:7)
  10 harpies
  3 wizards
  30 ugly things
  An obsidian statue (WizLab)
  2 wolf spiders (shapeshifter)
  10 mana vipers
  2 orb spiders (shapeshifter)
  2 harpies (shapeshifter)
  13 ironbrand convokers
  3 fire giant zombies
  5 manticores
  51 deep elf magi
  16 necromancers
  13 orc knights
  A shadow dragon zombie (Crypt:1)
  4 frost giant zombies
  5 oklob plants
  A stone giant zombie (Vaults:1)
  2 sphinx zombies (Depths:3)
  2 golden dragon skeletons
  15 griffons
  A water nymph (shapeshifter) (Vaults:5)
  12 cyclopes
  2 wolf spiders
  11 fauns
  6 orc sorcerers
  2 hornets
  2 sphinx skeletons
  6 water nymphs
  14 salamanders
  A moth of wrath (shapeshifter) (Vaults:3)
  A frost giant skeleton (Crypt:1)
  2 octopodes (shapeshifter)
  17 moths of wrath
  7 apocalypse crabs
  17 guardian serpents
  Maurice (D:10)
  4 elephants (Lair:7)
  2 rust devils
  14 vault sentinels
  2 smoke demons
  35 black mambas
  6 sirens
  3 orange demons
  A fire giant skeleton (Vaults:3)
  A torpor snail (Lair:3)
  A gargoyle (D:12)
  22 naga magi
  An elf zombie (Depths:3)
  A hellion (Depths:3)
  A salamander skeleton (Vaults:3)
  16 spiny frogs
  2 efreet (D:15)
  A catoblepas zombie (Crypt:2)
  2 demonspawn skeletons (WizLab)
  53 yaktaurs
  5 kobold demonologists
  An ice devil (Depths:5)
  5 fire drakes
  3 yaktaur skeletons
  A hellwing (Depths:1)
  A spriggan druid (Lair:6)
  A fire drake (shapeshifter) (Depths:2)
  A polar bear (shapeshifter) (Vaults:3)
  2 queen bees
  A red devil (Depths:5)
  A minotaur zombie (Crypt:3)
  3 ancient zymes
  A black draconian skeleton (Crypt:1)
  4 tengu conjurers
  15 freezing wraiths
  26 merfolk
  5 guardian mummies
  12 komodo dragons
  2 wind drakes
  A hydra zombie (Crypt:1)
  13 trolls
  A giant leech (shapeshifter) (Zig:10)
  A blink frog (shapeshifter) (Vaults:5)
  5 two-headed ogres
  Prince Ribbit (D:7)
  26 slime creatures
  5 blink frogs (WizLab)
  9 polar bears
  An ushabti (Zig:2)
  A fire giant simulacrum (Vaults:3)
  3 raiju
  3 spriggan zombies
  9 snapping turtles
  8 boulder beetles
  36 flying skulls
  8 redbacks
  Sigmund (D:6)
  An ettin skeleton (Vaults:3)
  4 ice dragon skeletons
  A griffon skeleton (Crypt:1)
  3 shadows
  31 water elementals
  3 wyverns
  46 yaks
  16 wraiths
  A redback (shapeshifter) (Depths:4)
  6 air elementals
  2 vampires
  A human (D:7)
  6 spriggans
  3 fire bats (Lair:3)
  5 large abominations
  15 hippogriffs
  3 fire elementals
  Eustachio (D:6)
  10 vampire mosquitoes
  A black mamba skeleton (Crypt:3)
  5 basilisks
  A hippogriff (shapeshifter) (Vaults:1)
  5 chaos spawn
  10 hungry ghosts
  2 neqoxecs
  2 spatial vortices (WizLab)
  15 wargs
  A mottled dragon (Lair:5)
  11 wolves
  3 insubstantial wisps (WizLab)
  A swamp worm (shapeshifter) (Zig:11)
  A deep troll zombie (Vaults:3)
  56 nagas
  A water nymph zombie (Crypt:1)
  A deep troll skeleton (Vaults:3)
  A water moccasin (shapeshifter) (Vaults:5)
  A faun skeleton (Crypt:2)
  14 porcupines
  6 hell hounds
  6 water moccasins
  5 wasps
  A wasp (shapeshifter) (Depths:4)
  5 sky beasts
  13 black bears
  57 orc warriors
  5 phantoms
  An ice beast (D:11)
  2 snapping turtle zombies
  10 necrophages
  An eye of draining (shapeshifter) (Zig:11)
  19 starcursed masses (Zig:14)
  6 boggarts
  A lindwurm skeleton (Crypt:2)
  An elf skeleton (Vaults:3)
  3 human skeletons
  27 ogres
  16 centaurs
  2 snapping turtle skeletons
  4 human zombies
  14 crocodiles
  4 big kobolds
  20 giant frogs
  3 yaktaur zombies
  12 earth elementals
  A small abomination (WizLab)
  A komodo dragon skeleton (Crypt:2)
  A water moccasin skeleton (D:5)
  4 scorpions
  A wyvern skeleton (D:13)
  63 killer bees
  2 troll zombies
  8 wights
  2 electric eels
  A jelly (shapeshifter) (Vaults:5)
  18 crimson imps
  A giant frog zombie (D:11)
  6 centaur zombies
  7 jellies
  2 giant frog skeletons (D:13)
  18 hounds
  A gnoll shaman (D:6)
  3 quasits
  Crazy Yiuf (D:7)
  44 orc priests
  42 orc wizards
  An iron imp (Depths:3)
  A basilisk skeleton (Crypt:2)
  4 centaur skeletons
  15 iguanas
  9 worker ants
  A lightning spire (Zig:13)
  20 sheep
  A deep dwarf skeleton (Crypt:2)
  A human simulacrum (Crypt:1)
  2 hound zombies
  A hound skeleton (D:5)
  5 mummies
  13 gnolls
  33 river rats
  7 adders
  A swamp drake skeleton (Crypt:2)
  5 shadow imps
  A white imp (Depths:5)
  2 ufetubi
  7 oozes
  An ooze (shapeshifter) (Depths:4)
  A sheep skeleton (Crypt:1)
  An adder skeleton (D:8)
  4 worms
  3 giant geckos
  136 orcs
  5 bats
  A bat skeleton (Crypt:1)
  11 giant cockroaches
  9 goblins
  4 hobgoblins
  7 jackals
  2 quokkas
  A giant cockroach zombie (D:6)
  A giant gecko zombie (D:6)
  3 giant newts
  A jackal zombie (D:9)
  24 kobolds
  A kobold skeleton (Crypt:3)
  A quokka skeleton (D:7)
  2 rats
  A butterfly (Lair:5)
  2 crawling corpses (Elf:3)
  8 fungi
  36 plants
  A spectral weapon (Snake:1)
  8 starspawn tentacles
  8 tentacles
2932 creatures vanquished.

Vanquished Creatures (others)
  2 ancient liches
  A deep elf master archer (Elf:3)
  An eldritch tentacle (Zig:14)
  A fire giant (Depths:4)
  A deep elf elementalist (Elf:3)
  A spriggan defender (Depths:5)
  6 stone giants
  A black draconian (Zot:3)
  4 merfolk javelineers
  2 yaktaur captains
  2 deep elf high priests (Vaults:5)
  4 centaur warriors
  2 deep elf knights (Elf:2)
  A deep troll (Vaults:5)
  An orange crystal statue (Elf:2)
  4 deep elf archers
  2 deep elf magi (Elf:1)
  A salamander (Depths:4)
  A moth of wrath (Zot:5)
  2 cyclopes
  A siren (Shoals:2)
  A vault sentinel (Vaults:4)
  2 naga magi
  20 yaktaurs
  A flying skull (Crypt:3)
  A vampire mosquito (Vaults:2)
  An orc warrior (Vaults:5)
  3 slaves (D:7)
  An ogre (Depths:1)
  4 centaurs
  An orc priest (Orc:2)
  A worker ant (D:7)
  A sheep (Shoals:2)
  A hound skeleton (D:7)
  2 orcs
  1199 eldritch tentacle segments
  7 fungi
  7 lost souls
  83 plants
  8 starspawn tentacles
  255 starspawn tentacle segments
  10 tentacles
  354 tentacle segments
2004 creatures vanquished.

Grand Total: 4936 creatures vanquished

Notes
Turn   | Place    | Note
--------------------------------------------------------------
     0 | D:1      | Strylgvaidir the Minotaur Fighter began the quest for the Orb.
     0 | D:1      | Reached XP level 1. HP: 19/19 MP: 0/0
   259 | D:1      | Found a glowing golden altar of the Shining One.
   500 | D:1      | Reached XP level 2. HP: 27/27 MP: 1/1
   562 | D:1      | You fall through a shaft!
   865 | D:2      | Found an oddly glowing altar of Pakellas.
  1198 | D:2      | Found a radiant altar of Vehumet.
  1200 | D:2      | Found a sparkling altar of Nemelex Xobeh.
  1257 | D:2      | Reached XP level 3. HP: 33/33 MP: 2/2
  1264 | D:2      | Reached skill level 4 in Shields
  1317 | D:2      | Reached skill level 1 in Dodging
  1891 | D:3      | Reached XP level 4. HP: 40/40 MP: 3/3
  1942 | D:3      | Found a snail-covered altar of Cheibriados.
  2335 | D:4      | Reached XP level 5. HP: 34/46 MP: 4/4
  2925 | D:4      | Found Goesisox's Gadget Boutique.
  3118 | D:5      | Entered Level 5 of the Dungeon
  3128 | D:5      | Found a bloodstained altar of Trog.
  3128 | D:5      | Noticed an ogre
  3131 | D:5      | Noticed a phantom
  3135 | D:5      | Killed an ogre
  3135 | D:5      | Reached skill level 5 in Axes
  3135 | D:5      | Reached XP level 6. HP: 27/53 MP: 5/5
  3137 | D:5      | Reached skill level 5 in Shields
  3143 | D:5      | Reached skill level 5 in Armour
  3150 | D:5      | Reached skill level 5 in Fighting
  3150 | D:5      | Reached XP level 7. HP: 22/61 MP: 6/6
  3897 | D:5      | Noticed a hungry ghost
  3933 | D:5      | Killed a hungry ghost
  3933 | D:5      | Reached skill level 6 in Axes
  4144 | D:5      | Found Huttotra's Book Shoppe.
  4563 | D:6      | Noticed Eustachio
  4603 | D:6      | Killed Eustachio
  4603 | D:6      | Reached skill level 7 in Axes
  4603 | D:6      | Reached XP level 8. HP: 60/70 MP: 7/7
  4788 | D:6      | Noticed Sigmund
  4796 | D:6      | Killed Sigmund
  5307 | D:6      | Reached skill level 8 in Axes
  5310 | D:6      | Found a staircase to the Ecumenical Temple.
  5333 | Temple   | Entered the Ecumenical Temple
  5811 | D:6      | Gained mutation: You are resistant to electric shocks. [potion of mutation]
  5811 | D:6      | Gained mutation: You are weak. (Str -2) [potion of mutation]
  5811 | D:6      | Gained mutation: You are very weak. (Str -4) [potion of mutation]
  5813 | D:6      | Lost mutation: You are very weak. (Str -4) [potion of cure mutation]
  5813 | D:6      | Lost mutation: You are weak. (Str -2) [potion of cure mutation]
  5813 | D:6      | Lost mutation: You are resistant to electric shocks. [potion of cure mutation]
  6618 | D:6      | Reached XP level 9. HP: 74/78 MP: 8/8
  6827 | D:6      | Reached skill level 5 in Dodging
  6829 | D:6      | Found an iron altar of Okawaru.
  6849 | D:6      | Became a worshipper of Warmaster Okawaru
  7126 | D:7      | Noticed Prince Ribbit
  7346 | D:7      | Reached skill level 9 in Axes
  7577 | D:7      | Noticed Pikel
  7603 | D:7      | Killed Pikel
  7603 | D:7      | Reached * piety under Okawaru
  7681 | D:7      | Killed Prince Ribbit
  7887 | D:7      | Reached skill level 10 in Axes
  7959 | D:7      | Found a deep blue altar of Sif Muna.
  8145 | D:7      | Reached ** piety under Okawaru
  8610 | D:7      | Reached XP level 10. HP: 88/88 MP: 9/9
  8831 | D:7      | Noticed Crazy Yiuf
  8837 | D:7      | Paralysed by Crazy Yiuf for 5 turns
  8843 | D:7      | Killed Crazy Yiuf
  9644 | D:8      | Reached *** piety under Okawaru
  9685 | D:8      | Found a stormy altar of Qazlal.
  9952 | D:9      | Got a warped ring mail
  9963 | D:9      | Identified the +1 ring mail of Gluttony {rElec rPois rF++ Dex-4} (You found it on level 9 of the Dungeon)
 10351 | D:9      | Reached skill level 11 in Axes
 10979 | D:9      | Found a shattered altar of Ashenzari.
 11172 | D:9      | Found a glowing silver altar of Zin.
 11173 | D:9      | Noticed an angel
 11251 | D:9      | Reached **** piety under Okawaru
 11369 | D:10     | Entered Level 10 of the Dungeon
 11464 | D:10     | Found Okychy's Food Boutique.
 11472 | D:10     | Noticed Maurice
 11494 | D:10     | Killed Maurice
 11834 | D:10     | Reached XP level 11. HP: 83/97 MP: 10/10
 11885 | D:10     | Reached skill level 12 in Axes
 11938 | D:10     | Reached ***** piety under Okawaru
 12532 | D:10     | Found a staircase to the Lair.
 12682 | Lair:1   | Entered Level 1 of the Lair of Beasts
 12927 | Lair:1   | Received a gift from Okawaru
 13278 | Lair:1   | Reached skill level 13 in Axes
 13519 | Lair:1   | Reached skill level 10 in Fighting
 14032 | Lair:2   | Reached skill level 10 in Armour
 14907 | Lair:2   | Reached skill level 10 in Shields
 15241 | Lair:2   | Reached XP level 12. HP: 78/107 MP: 11/11
 15931 | Lair:3   | Noticed a death yak
 15956 | Lair:3   | Killed a death yak
 15956 | Lair:3   | Received a gift from Okawaru
 15999 | Lair:3   | Reached skill level 14 in Axes
 16424 | Lair:3   | Found a staircase to the Shoals.
 16680 | Lair:3   | Noticed a five-headed hydra
 16684 | Lair:3   | Killed a three-headed hydra
 18426 | Lair:4   | Noticed Snorg
 18438 | Lair:4   | Killed Snorg
 18690 | Lair:4   | Received a gift from Okawaru
 18707 | Lair:4   | Reached skill level 15 in Axes
 18749 | Lair:4   | Noticed a naga warrior
 18755 | Lair:4   | Found a staircase to the Snake Pit.
 18775 | Lair:4   | Killed a naga warrior
 18810 | Lair:4   | Noticed an anaconda
 18827 | Lair:4   | Killed an anaconda
 18827 | Lair:4   | Reached XP level 13. HP: 35/116 MP: 12/12
 19935 | Lair:5   | Reached skill level 10 in Dodging
 20323 | Lair:6   | Reached ****** piety under Okawaru
 20389 | Lair:6   | Received a gift from Okawaru
 20883 | Lair:6   | Found a viscous altar of Jiyva.
 20883 | Lair:6   | Found a staircase to the Slime Pits.
 21562 | Lair:7   | Reached skill level 1 in Evocations
 21565 | Lair:7   | Noticed Josephine
 21576 | Lair:7   | Killed Josephine
 21811 | Lair:7   | Got a dazzling rapier
 21812 | Lair:7   | Identified the +9 rapier "Tatecham" {speed, *Contam rC+ Str+2 Dex+7} (You found it on level 7 of the Lair of Beasts)
 21956 | Lair:7   | Reached skill level 16 in Axes
 22573 | Lair:8   | Entered Level 8 of the Lair of Beasts
 22833 | Lair:8   | Received a gift from Okawaru
 23077 | Lair:8   | Reached XP level 14. HP: 123/126 MP: 14/14
 24181 | D:11     | Found a staircase to the Orcish Mines.
 24693 | D:11     | Received a gift from Okawaru
 25976 | D:12     | Reached skill level 17 in Axes
 26458 | D:13     | Noticed Maud
 26476 | D:13     | Killed Maud
 26655 | D:13     | Found a bloodstained altar of Trog.
 27210 | D:14     | Received a gift from Okawaru
 27482 | D:14     | Found a gate to the Vaults.
 27506 | D:14     | Found Duamoh's Assorted Antiques.
 27517 | D:14     | Bought a pair of faintly glowing gloves for 285 gold pieces
 27517 | D:14     | Bought a scroll of enchant weapon for 225 gold pieces
 27527 | D:14     | Identified the cursed +0 pair of gloves of Tacifan {*Corrode rElec Dex+3 Slay+2} (You bought it in a shop on level 14 of the Dungeon)
 27559 | D:14     | Reached XP level 15. HP: 135/135 MP: 17/17
 28136 | D:15     | Entered Level 15 of the Dungeon
 28187 | D:15     | Reached skill level 5 in Evocations
 28259 | D:15     | Found a labyrinth entrance.
 28265 | D:15     | Received a gift from Okawaru
 28286 | D:15     | Got a jewelled cloak {god gift}
 28304 | Lab      | Entered a labyrinth
 28522 | Lab      | Identified the -2 cloak of Resilience {rC+} (Okawaru gifted it to you on level 15 of the Dungeon)
 28869 | Lab      | Got a sparkling turquoise ring
 28870 | Lab      | Got a transparent short sword {pierce}
 28871 | Lab      | Identified the +7 short sword "Jokom" {pierce, Str+5 Dex-4} (You took it off a minotaur in a labyrinth)
 28873 | Lab      | Identified the ring of the Raven {Int+3 Slay+2 Stlth-} (You took it off a minotaur in a labyrinth)
 28877 | Lab      | Got a vibrating glass ring
 28887 | Lab      | Identified the ring of the Marlin {*Tele rElec rN+ Int+2} (You found it in a labyrinth)
 29262 | D:15     | Found a staircase to the Depths.
 29567 | D:15     | Reached skill level 18 in Axes
 29840 | Orc:1    | Entered Level 1 of the Orcish Mines
 30017 | Orc:1    | Found Ynwucuri's Antique Armour Shoppe.
 30028 | Orc:1    | Bought a jewelled chain mail for 351 gold pieces
 30028 | Orc:1    | Bought a faintly humming cloak for 351 gold pieces
 30038 | Orc:1    | Identified the +2 cloak "Merog" {rN+ Str+2} (You bought it in a shop on level 1 of the Orcish Mines)
 30048 | Orc:1    | Identified the +3 chain mail of Pathos {rElec MR+++ Str-3 Int+2} (You bought it in a shop on level 1 of the Orcish Mines)
 30158 | Orc:2    | Entered Level 2 of the Orcish Mines
 30422 | Orc:2    | Found a staircase to the Elven Halls.
 30527 | Orc:2    | Noticed an orc warlord
 30563 | Orc:2    | Killed an orc warlord
 30587 | Orc:2    | Found a bloodstained altar of Trog.
 30676 | Orc:2    | Received a gift from Okawaru
 31117 | Orc:2    | Found Gadghael's Antique Armour Emporium.
 31117 | Orc:2    | Found Xogebby's Armour Emporium.
 31118 | Orc:2    | Found Coidiffe's Antique Weapon Shoppe.
 31123 | Orc:2    | Found Qutod's Weapon Shoppe.
 31135 | Orc:2    | Bought a +1 cloak of magic resistance for 264 gold pieces
 31748 | Elf:1    | Entered Level 1 of the Elven Halls
 32130 | Elf:1    | Noticed Nikola
 32164 | Elf:1    | Killed Nikola
 32330 | Elf:1    | Noticed a Brimstone Fiend
 32334 | Elf:1    | Reached XP level 16. HP: 62/146 MP: 19/19
 32810 | Elf:1    | Noticed a Shadow Fiend
 32820 | Elf:1    | Noticed a Shadow Fiend
 32827 | Elf:1    | Reached skill level 1 in Invocations
 33234 | Elf:1    | Noticed a Hell Sentinel
 33237 | Elf:1    | Noticed an Ice Fiend
 33243 | Elf:1    | Noticed an Executioner
 33289 | Elf:1    | Got a faintly glowing chain mail
 33403 | Elf:1    | Noticed Louise
 33417 | Elf:1    | Killed Louise
 33556 | Elf:1    | Identified the +1 chain mail "Icicar" {Str+2 Stlth+} (You took it off a deep elf high priest on level 1 of the Elven Halls)
 34012 | Snake:1  | Entered Level 1 of the Snake Pit
 34256 | Snake:1  | Noticed Aizul
 34271 | Snake:1  | Killed Aizul
 34271 | Snake:1  | Received a gift from Okawaru
 34657 | Snake:1  | Noticed Asterion
 34689 | Snake:1  | Killed Asterion
 35340 | Snake:1  | Noticed Rupert
 35356 | Snake:1  | Killed Rupert
 35356 | Snake:1  | Reached skill level 19 in Axes
 35735 | Snake:1  | Received a gift from Okawaru
 36489 | Snake:2  | Reached skill level 15 in Dodging
 36923 | Snake:2  | Noticed Jorgrun
 36949 | Snake:2  | Killed Jorgrun
 36949 | Snake:2  | Reached skill level 15 in Fighting
 36970 | Snake:2  | Reached XP level 17. HP: 146/156 MP: 16/20
 37176 | Snake:2  | Received a gift from Okawaru
 37402 | Snake:3  | Noticed Vashnia
 37419 | Snake:3  | Killed Vashnia
 37612 | Snake:3  | Reached skill level 15 in Armour
 37808 | Snake:3  | Reached skill level 15 in Shields
 38391 | Snake:4  | Entered Level 4 of the Snake Pit
 38653 | Snake:4  | Reached skill level 20 in Axes
 39551 | Snake:4  | Noticed Donald
 39592 | Snake:4  | Killed Donald
 39781 | Snake:4  | Got a crude tin ring
 39784 | Snake:4  | Identified the ring "Heacowy" {rF++ rN+ Int+5 Dex-3} (You found it on level 4 of the Snake Pit)
 40232 | Snake:4  | Received a gift from Okawaru
 40272 | Snake:4  | Reached XP level 18. HP: 72/166 MP: 17/21
 40924 | Snake:4  | Got a serpentine rune of Zot
 41361 | Vaults:1 | Entered Level 1 of the Vaults
 41966 | Vaults:1 | Reached skill level 21 in Axes
 42198 | Vaults:1 | Received a gift from Okawaru
 42201 | Vaults:1 | Got a diamond-encrusted chain mail {god gift}
 42202 | Vaults:1 | Identified the +12 chain mail "Zeidoih" {rPois rF+ Dex+6 SInv} (Okawaru gifted it to you on level 1 of the Vaults)
 43669 | Vaults:2 | Noticed Leszczynek's ghost (adept OpMo)
 43685 | Vaults:2 | Reached skill level 1 in Fire Magic
 43747 | Vaults:2 | Killed Leszczynek's ghost
 44430 | Vaults:2 | Received a gift from Okawaru
 44510 | Vaults:2 | Reached XP level 19. HP: 142/174 MP: 22/22
 45091 | Vaults:3 | Identified a scroll of acquirement
 45096 | Vaults:3 | Got a slimy shield
 45107 | Vaults:3 | Identified the +4 shield "Jekohuff" {SInv} (You acquired it on level 3 of the Vaults)
 45358 | Vaults:3 | Found Laotur's Antique Armour Shoppe.
 45719 | Vaults:3 | Found a basalt altar of Yredelemnul.
 45739 | Vaults:3 | Received a gift from Okawaru
 46533 | Vaults:3 | Reached skill level 22 in Axes
 46640 | Vaults:3 | Reached skill level 5 in Fire Magic
 46979 | Vaults:3 | Found a staircase to the Crypt.
 48035 | Vaults:4 | Noticed Wiglaf
 48036 | Vaults:4 | Noticed Frederick
 48038 | Vaults:4 | Noticed Frances
 48047 | Vaults:4 | Killed Wiglaf
 48066 | Vaults:4 | Killed Frederick
 48068 | Vaults:4 | Killed Frances
 48408 | Vaults:4 | Received a gift from Okawaru
 48505 | Vaults:4 | Reached XP level 20. HP: 166/184 MP: 23/23
 49004 | Crypt:1  | Entered Level 1 of the Crypt
 49567 | Vaults:5 | Entered Level 5 of the Vaults
 49614 | Vaults:5 | Received a gift from Okawaru
 50190 | Vaults:5 | Reached skill level 23 in Axes
 50458 | Vaults:5 | Received a gift from Okawaru
 51311 | Vaults:5 | Got a silver rune of Zot
 51468 | Vaults:5 | Reached XP level 21. HP: 194/194 MP: 24/24
 52007 | Vaults:5 | Received a gift from Okawaru
 52079 | Vaults:5 | Identified Syapt's Reference Book on Sinister Companions (You found it on level 5 of the Vaults)
 52103 | Vaults:5 | Got an encrusted scimitar {slice}
 52104 | Vaults:5 | Identified the +8 scimitar "Meruhepp" {slice, rPois rC+ MR++ Dex-2} (You took it off a vault warden on level 5 of the Vaults)
 52157 | Vaults:5 | Found Ophemud's Food Shop.
 52157 | Vaults:5 | Found Ipi Uhoh's Distillery.
 52181 | Vaults:5 | Found Linwu's Distillery.
 52209 | Vaults:5 | Found Vebidan's Distillery.
 52216 | Vaults:5 | Found Keregire's Magic Scroll Boutique.
 52216 | Vaults:5 | Found Ibaewipn's Distillery.
 52222 | Vaults:5 | Found Taru's Food Emporium.
 52233 | Vaults:5 | Found Ruigoq's Food Shoppe.
 52266 | Vaults:5 | Bought a potion of might for 80 gold pieces
 52266 | Vaults:5 | Bought a potion of heal wounds for 100 gold pieces
 52280 | Vaults:5 | Bought a potion of heal wounds for 115 gold pieces
 52280 | Vaults:5 | Bought a potion of heal wounds for 115 gold pieces
 52303 | Vaults:5 | Bought a potion of invisibility for 144 gold pieces
 52303 | Vaults:5 | Bought 2 potions of invisibility for 288 gold pieces
 52303 | Vaults:5 | Bought a potion of might for 72 gold pieces
 52303 | Vaults:5 | Bought a potion of heal wounds for 90 gold pieces
 52303 | Vaults:5 | Bought a potion of heal wounds for 90 gold pieces
 52325 | Vaults:5 | Bought a scroll of enchant armour for 127 gold pieces
 52332 | Vaults:5 | Bought a potion of heal wounds for 70 gold pieces
 52332 | Vaults:5 | Bought a potion of might for 56 gold pieces
 52332 | Vaults:5 | Bought 2 potions of might for 112 gold pieces
 52341 | Vaults:5 | Bought a scroll of acquirement for 884 gold pieces
 52373 | Vaults:5 | Bought a slice of pizza for 16 gold pieces
 52373 | Vaults:5 | Bought a slice of pizza for 16 gold pieces
 52373 | Vaults:5 | Bought a slice of pizza for 16 gold pieces
 52373 | Vaults:5 | Bought a meat ration for 55 gold pieces
 52373 | Vaults:5 | Bought a beef jerky for 16 gold pieces
 52373 | Vaults:5 | Bought a meat ration for 55 gold pieces
 52373 | Vaults:5 | Bought a beef jerky for 16 gold pieces
 52373 | Vaults:5 | Bought a slice of pizza for 16 gold pieces
 52373 | Vaults:5 | Bought a bread ration for 55 gold pieces
 52373 | Vaults:5 | Bought a meat ration for 55 gold pieces
 52373 | Vaults:5 | Bought a bread ration for 55 gold pieces
 52373 | Vaults:5 | Bought 2 fruits for 33 gold pieces
 52574 | Vaults:5 | Got a steaming plate armour
 52575 | Vaults:5 | Identified the +8 plate armour of Leaves {rF+ MR+} (You found it on level 5 of the Vaults)
 53323 | Elf:2    | Gained mutation: Your movements are slightly less encumbered by armour (ER -2). [potion of beneficial mutation]
 53723 | Elf:2    | Found a runed gate.
 53723 | Elf:2    | Found a runed gate.
 53723 | Elf:2    | Found a runed gate.
 54443 | Elf:2    | Reached skill level 24 in Axes
 54740 | Elf:3    | Entered Level 3 of the Elven Halls
 54761 | Elf:3    | Found Ippul's Magic Scroll Emporium.
 54765 | Elf:3    | Bought a scroll of enchant armour for 120 gold pieces
 56326 | Elf:3    | Reached skill level 10 in Fire Magic
 56614 | Elf:3    | Got a brightly glowing brass ring
 56617 | Elf:3    | Identified the ring "Fapear" {rC- rN+ MR+ Int+8} (You took it off a deep elf knight on level 3 of the Elven Halls)
 56623 | Elf:3    | Reached XP level 22. HP: 177/204 MP: 25/25
 57264 | Elf:3    | Got a bronze plate armour
 57265 | Elf:3    | Identified the +4 plate armour "Ranehoch" {+Blink rCorr Str+5} (You took it off a deep elf master archer on level 3 of the Elven Halls)
 57493 | Elf:3    | Got a dazzling rapier {pierce}
 57494 | Elf:3    | Identified the +6 rapier of Resourcefulness {pierce, Str+5 Stlth+} (You took it off a deep elf death mage on level 3 of the Elven Halls)
 57511 | Elf:3    | Got a pair of shimmering boots
 57522 | Elf:3    | Identified the +2 pair of boots "Eheufuu" {MR++ Int+3} (You found it on level 3 of the Elven Halls)
 58406 | Crypt:1  | Received a gift from Okawaru
 59222 | Crypt:1  | Noticed Margery
 59239 | Crypt:1  | Killed Margery
 60396 | Crypt:2  | Reached skill level 25 in Axes
 60407 | Crypt:2  | Received a gift from Okawaru
 60766 | Crypt:3  | Entered Level 3 of the Crypt
 60766 | Crypt:3  | Noticed Boris
 60779 | Crypt:3  | Killed Boris
 61159 | Crypt:3  | Identified the Catalogue of Lucky Necromancy
 61249 | Crypt:3  | Found a staircase to the Tomb.
 61277 | Crypt:3  | Got a transparent whip
 61278 | Crypt:3  | Identified the +5 whip "Tasch" {freeze, rC+ rN+ Int+4} (You found it on level 3 of the Crypt)
 61428 | Crypt:3  | Reached XP level 23. HP: 188/214 MP: 26/26
 61460 | Crypt:3  | Received a gift from Okawaru
 61675 | Crypt:3  | Received a gift from Okawaru
 62027 | Crypt:3  | Found a basalt altar of Yredelemnul.
 62027 | Crypt:3  | Noticed an ancient lich
 62044 | Crypt:3  | Killed an ancient lich
 62950 | Shoals:1 | Entered Level 1 of the Shoals
 63183 | Shoals:1 | Reached skill level 1 in Stealth
 64359 | Shoals:2 | Found an ancient bone altar of Kikubaaqudgha.
 64798 | Shoals:3 | Found a flickering gateway to a bazaar.
 64827 | Bazaar   | Entered a bazaar
 64827 | Bazaar   | Found Folluill's Magic Scroll Shoppe.
 64827 | Bazaar   | Found Uweplo's Jewellery Emporium.
 64828 | Bazaar   | Found Geylouq's General Store.
 64828 | Bazaar   | Found Xureph's Weapon Emporium.
 64886 | Bazaar   | Bought a scroll of enchant weapon for 127 gold pieces
 64886 | Bazaar   | Bought 2 scrolls of magic mapping for 119 gold pieces
 65476 | Shoals:4 | Entered Level 4 of the Shoals
 65476 | Shoals:4 | Noticed Ilsuiw
 65502 | Shoals:4 | Killed Ilsuiw
 65909 | Shoals:4 | Reached skill level 26 in Axes
 66091 | Shoals:4 | Got a barnacled rune of Zot
 66818 | Depths:1 | Entered Level 1 of the Depths
 67359 | Depths:1 | Received a gift from Okawaru
 67370 | Depths:1 | Found a gateway to Hell.
 67390 | Depths:1 | Got a jewelled chain mail {god gift}
 67392 | Depths:1 | Identified the +4 chain mail of Articulation {rC+ Int+6 Dex-4} (Okawaru gifted it to you on level 1 of the Depths)
 67470 | Depths:1 | Reached skill level 5 in Stealth
 67830 | Depths:1 | Reached XP level 24. HP: 225/225 MP: 26/26
 69838 | Depths:2 | Identified the Disquisition on Fiery Combat Magic
 69923 | Depths:3 | Found a one-way gate leading to the halls of Pandemonium.
 70033 | Depths:3 | Found a magical portal.
 70047 | WizLab   | Entered The Roulette of Golubria
 70051 | WizLab   | Found a corrupted altar of Lugonu.
 70413 | WizLab   | Got a bloodstained cloak
 70426 | WizLab   | Identified the +0 cloak "Jiacoc" {rF+ rN+ Dex+3} (You found it in a wizard's laboratory)
 70429 | WizLab   | Got a jewelled cloak
 70434 | WizLab   | Identified the +5 cloak of Peek-a-Boo {rF+ rC+ Dex+2} (You found it in a wizard's laboratory)
 70443 | WizLab   | Got a bloodstained cloak
 70445 | WizLab   | Identified the +3 cloak of Zetetah {rElec} (You found it in a wizard's laboratory)
 70492 | WizLab   | Got a jewelled cloak
 70501 | WizLab   | Identified the +1 cloak "Wiedol" {rPois Regen+ rCorr Str+4} (You found it in a wizard's laboratory)
 70592 | Depths:3 | Received a gift from Okawaru
 70693 | Depths:3 | Noticed a greater mummy
 70700 | Depths:3 | Killed a greater mummy
 70725 | Depths:3 | Identified a +3 rod of ignition (10/10) (You found it on level 3 of the Depths)
 71062 | Depths:3 | Reached skill level 27 in Axes
 71914 | D:10     | Received a gift from Okawaru
 72113 | Depths:4 | Reached XP level 25. HP: 179/235 MP: 26/26
 72727 | Depths:4 | Found a runed door.
 72809 | Depths:4 | Reached skill level 10 in Stealth
 72995 | Depths:4 | Found a one-way gate to the infinite horrors of the Abyss.
 73142 | Depths:4 | Got a translucent chain mail
 73143 | Depths:4 | Identified the +12 chain mail "Geovasol" {MR+} (You found it on level 4 of the Depths)
 73301 | Depths:4 | Noticed a juggernaut
 73305 | Depths:4 | Received a gift from Okawaru
 73321 | Depths:4 | Killed a juggernaut
 73339 | Depths:4 | Got a crude steel ring
 73340 | Depths:4 | Identified the ring "Juh Maunal" {*Tele +Inv rElec rPois Stlth-} (You took it off a frost giant on level 4 of the Depths)
 74054 | Depths:4 | Received a gift from Okawaru
 74371 | Depths:5 | Entered Level 5 of the Depths
 74443 | Depths:5 | Noticed Saint Roka
 74472 | Depths:5 | Killed Saint Roka
 74598 | Depths:5 | Found Karchemivo's Distillery.
 74760 | Depths:5 | Found a gate to the Realm of Zot.
 74879 | Depths:5 | Noticed Mennas
 74955 | Depths:5 | Killed Mennas
 75044 | Depths:5 | Gained mutation: You are weak. (Str -2) [a neqoxec]
 75045 | Depths:5 | Gained mutation: You expend magic power (3 MP) to strengthen your wands. [a neqoxec]
 75059 | Depths:5 | Noticed the Enchantress
 75080 | Depths:5 | Reached XP level 26. HP: 224/249 MP: 26/26
 75117 | Depths:5 | Killed the Enchantress
 75181 | Depths:5 | Found a gateway to a ziggurat.
 75306 | Depths:5 | Noticed Sojobo
 75313 | Depths:5 | Received a gift from Okawaru
 75327 | Depths:5 | Killed Sojobo
 75349 | Depths:5 | Got a steaming war axe {god gift}
 75354 | Depths:5 | Identified the +8 war axe of the Asp {venom, rPois MR+ Dex+4 Stlth+} (Okawaru gifted it to you on level 5 of the Depths)
 75498 | Depths:5 | Found a shimmering altar of Xom.
 75532 | Depths:5 | Found Rupheigos's General Store.
 76256 | Zig:1    | Entered Level 1 of a ziggurat
 76407 | Zig:2    | Entered Level 2 of a ziggurat
 76577 | Zig:3    | Entered Level 3 of a ziggurat
 76931 | Zig:4    | Entered Level 4 of a ziggurat
 76972 | Zig:5    | Entered Level 5 of a ziggurat
 77073 | Zig:6    | Entered Level 6 of a ziggurat
 77084 | Zig:7    | Entered Level 7 of a ziggurat
 77687 | Zig:8    | Entered Level 8 of a ziggurat
 77698 | Zig:8    | Noticed an ancient lich
 77708 | Zig:8    | Received a gift from Okawaru
 77710 | Zig:8    | Killed an ancient lich
 77731 | Zig:8    | Got a shimmering shield {god gift}
 77742 | Zig:8    | Identified the +3 shield of Gajewes {rPois rF+} (Okawaru gifted it to you on level 8 of a ziggurat)
 77928 | Zig:8    | Identified the Incunabulum of Earth
 77948 | Zig:9    | Entered Level 9 of a ziggurat
 78185 | Zig:9    | Got a flickering iron ring
 78186 | Zig:9    | Identified the ring "Kimid" {Fire Int+5} (You found it on level 9 of a ziggurat)
 78198 | Zig:10   | Entered Level 10 of a ziggurat
 78212 | Zig:10   | Noticed Ceopp the pandemonium lord
 78213 | Zig:10   | Noticed Ciaj the pandemonium lord
 78213 | Zig:10   | Noticed Ciejo the pandemonium lord
 78237 | Zig:10   | Killed Ceopp the pandemonium lord
 78246 | Zig:10   | Killed Ciaj the pandemonium lord
 78249 | Zig:10   | Killed Ciejo the pandemonium lord
 78433 | Zig:10   | Got a transparent arbalest
 78434 | Zig:10   | Identified the +8 arbalest of Ravage {freeze, rF+ MP+9} (You found it on level 10 of a ziggurat)
 78456 | Zig:10   | Reached XP level 27. HP: 261/261 MP: 26/26
 78469 | Zig:11   | Entered Level 11 of a ziggurat
 78478 | Zig:11   | Noticed Dotil the pandemonium lord
 78482 | Zig:11   | Noticed Ofreupot the pandemonium lord
 78507 | Zig:11   | Killed Dotil the pandemonium lord
 78512 | Zig:11   | Killed Ofreupot the pandemonium lord
 78519 | Zig:11   | Received a gift from Okawaru
 78836 | Zig:11   | Got a polished plate armour {god gift}
 78837 | Zig:11   | Identified the +3 plate armour of the Lion {MR+} (Okawaru gifted it to you on level 11 of a ziggurat)
 78874 | Zig:12   | Entered Level 12 of a ziggurat
 78920 | Zig:12   | Reached skill level 15 in Stealth
 78973 | Zig:12   | Got a scorched marble ring
 78980 | Zig:12   | Identified the ring "Bihigoaj" {+Inv rF++ Str+2 Dex-4 SInv} (You found it on level 12 of a ziggurat)
 79013 | Zig:12   | Learned a level 8 spell: Necromutation
 79026 | Zig:12   | Got a brightly glowing cloak
 79037 | Zig:12   | Identified the +0 cloak of Medar {*Corrode MP+9 Stlth+} (You acquired it on level 12 of a ziggurat)
 79099 | Zig:12   | Identified Zigeti's Handbook of Enthralling Battle Magic (You found it on level 12 of a ziggurat)
 79115 | Zig:13   | Entered Level 13 of a ziggurat
 79262 | Zig:13   | Identified the Handbook of Unstable Boosts
 79310 | Zig:14   | Entered Level 14 of a ziggurat
 79338 | Zig:14   | Paralysed by accursed screaming for 2 turns
 79367 | Zig:14   | Paralysed by accursed screaming for 2 turns
 79376 | Zig:14   | Paralysed by accursed screaming for 1 turns
 79920 | Zig:14   | Learned a level 8 spell: Controlled Blink
 79992 | Zig:15   | Entered Level 15 of a ziggurat
 80904 | Zot:1    | Entered Level 1 of the Realm of Zot
 81025 | Zot:1    | Received a gift from Okawaru
 82042 | Zot:2    | Noticed an orb of fire
 82044 | Zot:2    | Noticed an orb of fire
 82045 | Zot:2    | Noticed an orb of fire
 82049 | Zot:2    | Lost mutation: You are weak. (Str -2) [an orb of fire]
 82060 | Zot:2    | Gained mutation: You tend to lose your temper in combat. [an orb of fire]
 82062 | Zot:2    | Gained mutation: You are weak. (Str -2) [an orb of fire]
 82064 | Zot:2    | Killed an orb of fire
 82069 | Zot:2    | Killed an orb of fire
 82075 | Zot:2    | Gained mutation: Armour fits poorly on your strangely shaped body. [an orb of fire]
 82085 | Zot:2    | Killed an orb of fire
 82286 | Zot:1    | Lost mutation: You are weak. (Str -2) [potion of cure mutation]
 82286 | Zot:1    | Lost mutation: You expend magic power (3 MP) to strengthen your wands. [potion of cure mutation]
 82286 | Zot:1    | Lost mutation: Armour fits poorly on your strangely shaped body. [potion of cure mutation]
 83066 | Zot:2    | Got a dazzling scythe
 83067 | Zot:2    | Identified the +11 scythe of Valour {drain, Dex+3} (You found it on level 2 of the Realm of Zot)
 83095 | Zot:2    | Received a gift from Okawaru
 83124 | Zot:2    | Got an ichor-stained plate armour {god gift}
 83125 | Zot:2    | Identified the +3 plate armour of Fun {-Tele rElec rN+ MR+++} (Okawaru gifted it to you on level 2 of the Realm of Zot)
 85229 | Zot:4    | Reached skill level 27 in Fighting
 85277 | Zot:4    | Received a gift from Okawaru
 85645 | Zot:5    | Entered Level 5 of the Realm of Zot
 86287 | Zot:5    | Noticed an ancient lich
 86305 | Zot:5    | Killed an ancient lich
 86415 | Zot:5    | Noticed an ancient lich
 86444 | Zot:5    | Noticed an orb of fire
 86449 | Zot:5    | Killed an ancient lich
 86462 | Zot:5    | Killed an orb of fire
 86557 | Zot:5    | Received a gift from Okawaru
 86561 | Zot:5    | Got a pair of slimy boots {god gift}
 86571 | Zot:5    | Lost mutation: You tend to lose your temper in combat. [potion of cure mutation]
 86571 | Zot:5    | Lost mutation: Your movements are slightly less encumbered by armour (ER -2). [potion of cure mutation]
 86661 | Zot:5    | Noticed an orb of fire
 86666 | Zot:5    | Gained mutation: You are clumsy. (Dex -2) [an orb of fire]
 86675 | Zot:5    | Gained mutation: Armour fits poorly on your strangely shaped body. [an orb of fire]
 86689 | Zot:5    | Gained mutation: Your body sometimes deteriorates upon taking damage. [an orb of fire]
 86694 | Zot:5    | Killed an orb of fire
 86980 | Zot:5    | Lost mutation: Armour fits poorly on your strangely shaped body. [potion of cure mutation]
 86980 | Zot:5    | Lost mutation: You are clumsy. (Dex -2) [potion of cure mutation]
 86980 | Zot:5    | Lost mutation: Your body sometimes deteriorates upon taking damage. [potion of cure mutation]
 87044 | Zot:5    | Noticed an orb of fire
 87048 | Zot:5    | Noticed an orb of fire
 87055 | Zot:5    | Noticed an orb of fire
 87059 | Zot:5    | Gained mutation: You are occasionally teleported next to monsters. [an orb of fire]
 87066 | Zot:5    | Gained mutation: Armour fits poorly on your strangely shaped body. [an orb of fire]
 87073 | Zot:5    | Gained mutation: You are weak. (Str -2) [an orb of fire]
 87109 | Zot:5    | HP: 13/273 [orb of fire/fireball (40)]
 87113 | Zot:5    | Killed from afar by an orb of fire

Vault maps used:
D:1:      minmay_arrival_checkered_box, serial_glass, glass_columns_a,
          glass_columns_a, tso_altar
D:2:      nicolae_overflow_hidden_temple, first_bread
D:3:      nicolae_overflow_crystal_walls, st_stairs_14
D:4:      serial_shops, nicolae_shop_behind_doors
D:5:      bloody_trog, serial_shops, kennysheep_mini_moat
D:6:      lemuel_coloured_pillars_altar, temple_fountains, uniq_sigmund,
          uniq_eustachio
D:7:      kennysheep_little_box, grunt_livestock, uniq_prince_ribbit1,
          uniq_crazy_yiuf_cottage, uniq_pikel
D:8:      basic_altar
D:9:      zin_angel, ashenzari_altar_1
D:10:     lair_0_dummy, serial_shops, shop, uniq_maurice
D:11:     portal_ice_cave_entry_pillars_01
D:13:     basic_altar, uniq_maud
D:14:     erik_vaults_1, minmay_staircase_bubble, serial_shops, shop
D:15:     hangedman_depths_entry_try_elsewhere_first,
          hangedman_decor_clover_reticule, lab_entry_generic
Temple:   eino_temple_water_12
Lair:1:   st_stairs_11
Lair:2:   beast_lair_carwin_large_2, grunt_megastairs_3,
          infiniplex_staircase_pool
Lair:3:   minmay_lair_oklob_tunnel, minmay_shoals_entry_beasts
Lair:4:   minmay_snake_entry_guardpost_large, minmay_lair_drake_nest, uniq_snorg
Lair:5:   special_room, bobbens_dragon_lair_wall, lemuel_fruit_fields
Lair:6:   slime_altar_1, nicolae_quartered_pool_medium, kilobyte_rumbling_trees,
          grunt_megastairs_4, infiniplex_staircase_pool_2
Lair:7:   uniq_josephine
Lair:8:   hangedman_lair_caniforms_friends, lemuel_fruit_tree
Shoals:1: cheibrodos_shoals_oceanic_diplomacy
Shoals:2: lemuel_centaur_altar
Shoals:3: serial_shops, freezing_bzr
Shoals:4: shoals_end_hangedman, shoal_ilsuiw
Snake:1:  uniq_asterion, uniq_rupert, uniq_aizul
Snake:2:  nicolae_snake_shapes, uniq_jorgrun
Snake:3:  grunt_megastairs_2, uniq_vashnia
Snake:4:  grunt_snake_rune_serpentine_throne, nrook_guardian_serpent_double,
          uniq_donald
Orc:1:    basic_altar, serial_shops, nicolae_shop_stone
Orc:2:    st_orc_mages, basic_altar
Elf:1:    minmay_elf_arrival_circle, orc_legates, uniq_nikola, uniq_louise
Elf:2:    david_greed
Elf:3:    minmay_elf_hall_hex, serial_shops, shop_fountains, hex_tiny,
          minmay_misc_feat_ornament
Vaults:1: nicolae_vaults_hallways_thing, ontoclasm_vaults_idyll,
          v_alt_pattern_6, nicolae_vaults_diagonal_hallway_8, v_misc_24,
          hangedman_vaults_capsules, vaults_room_door_ring
Vaults:2: nicolae_vaults_mini_display_case, nicolae_vaults_halls_meeting,
          vaults_room_ringed_pool, ontoclasm_vaults_ligature,
          nicolae_vaults_diagonal_hallway_9, v_misc_8, hangedman_vaults_unwind,
          v_misc_2
Vaults:3: minmay_crypt_entry_skeletal_spiral, grunt_vaults_swirl,
          ontoclasm_vaults_spin, vaults_mumra_chevron_long, vaults_room_hallway,
          v_misc_3, hangedman_vaults_restitches, nicolae_vaults_display_case,
          vaults_room_corners, hangedman_vaults_stretched_pinwheel, v_rooms_4,
          v_misc_13, serial_shops, shop, basic_altar
Vaults:4: vaults_room_large_hall, ontoclasm_vaults_ring_small,
          vaults_room_fours, sword_in_stone, vaults_room_pool,
          nicolae_vaults_big_angled_halls, v_misc_11, v_misc_2,
          vaults_mumra_hexcomb, vaults_mumra_hex, hangedman_vaults_impose,
          v_alt_pattern_3, v_misc_17, v_misc_29
Vaults:5: serial_shops
Crypt:1:  minivault_11, corner_web_ring, grunt_ministairs_11, uniq_margery
Crypt:3:  cryptofortress_bobbens, uniq_boris
Depths:1: hellmouth_1, serial_bayou, serial_bayou_lagoon_a, serial_bayou_lake_a,
          serial_bayou_pond_a, serial_bayou_pond_d, serial_bayou_shore_b,
          kennysheep_big_empty_room, statue_in_the_mist_lemuel,
          hangedman_decor_growths, kennysheep_generic_room_3, firewood_loft
Depths:2: minmay_haunted_quarter, hell_entry, grunt_decor_mini_mirrors,
          special_room, minmay_staircase_windowed_large, uniq_wiglaf
Depths:3: lemuel_minitomb, hell_entry, grunt_pan_entry_sceptre,
          solitary_fountain, mu_enter_wizlab_1, hangedman_cracks_in_the_wall
Depths:4: box_level_dp, hell_entry, abyss_entry
Depths:5: grunt_x_marks_the_spot, enter_ziggurat_f, grunt_pan_entry_zigzag,
          lemuel_statue_altar, hangedman_geh_valley, serial_shops,
          shop_fountains, nicolae_shop_stone, uniq_mennas, uniq_saint_roka,
          uniq_enchantress, uniq_sojobo
Zot:1:    grunt_megastairs_1
Zot:2:    lemuel_lake_of_fire
Zot:4:    st_stairs_3
Zot:5:    grunt_ministairs_15
Zig:9:    ziggurat_pillar_centre_smoke
Zig:11:   ziggurat_pillar_centre_oklobs
Zig:15:   ziggurat_pillar_centre_dead_trees
Lab:      labyrinth_mini_lab, nicolae_lab_blocks, nicolae_lab_grate_2,
          nicolae_lab_starburst
Bazaar:   bazaar_minmay_row
WizLab:   wizlab_golubria

Action                   |  1- 3 |  4- 6 |  7- 9 | 10-12 | 13-15 | 16-18 | 19-21 | 22-24 | 25-27 || total
-------------------------+-------+-------+-------+-------+-------+-------+-------+-------+-------++-------
Melee: War axe           |    86 |    87 |   368 |   780 |  1374 |  1340 |  1369 |   221 |       ||  5625
       Broad axe         |       |       |       |       |    26 |       |       |  1854 |  1922 ||  3802
       Staff             |       |       |       |       |       |       |       |    83 |    29 ||   112
Throw: Javelin           |       |       |       |       |       |     1 |       |       |       ||     1
Invok: Heroism           |       |       |       |     4 |     3 |     4 |     9 |     2 |     2 ||    24
       Finesse           |       |       |       |     1 |     3 |     9 |     9 |     4 |    14 ||    40
Evoke: Wand              |       |       |     1 |     4 |     3 |    10 |     7 |     8 |    15 ||    48
       Fan of gales      |       |       |       |       |       |     1 |       |     1 |       ||     2
       Stone of tremors  |       |       |       |       |       |       |     1 |     2 |       ||     3
  Use: Scroll            |     3 |     7 |     5 |    14 |    18 |    14 |    21 |    30 |    30 ||   142
       Potion            |       |     2 |    14 |     4 |     6 |     4 |     7 |     2 |    32 ||    71
 Stab: Invisible         |       |     2 |       |       |       |       |     3 |       |    26 ||    31
       Distracted        |       |       |       |       |       |       |     2 |       |     4 ||     6
       Confused          |       |       |       |       |       |       |       |       |     9 ||     9
       Petrifying        |       |       |       |       |       |       |       |       |     3 ||     3
  Eat: Chunk             |     3 |     4 |    10 |    24 |    36 |    28 |    21 |    19 |    33 ||   178
       Meat ration       |       |       |     3 |       |       |       |     1 |       |       ||     4
       Beef jerky        |       |       |     3 |       |     2 |     1 |     5 |     1 |       ||    12
       Royal jelly       |       |       |     1 |       |       |       |       |    10 |    15 ||    26
       Fruit             |       |       |     3 |     9 |     8 |       |     3 |     8 |       ||    31
       Pizza             |       |       |     1 |     2 |       |     8 |     6 |     3 |     3 ||    23
